 Dungeon Crawl Stone Soup version 0.31-a0-472-g43a2ca8e1b (console) character file.

Game seed: 4709110980626285536

248 Lexodia the Conjurer (level 6, -2/32 HPs)
             Began as a Tengu Hedge Wizard on Aug 6, 2023.
             Was an Initiate of Gozag.
             Slain by a gnoll
             ... wielding a +0 halberd
              (7 damage)
             ... on level 4 of the Dungeon.
             The game lasted 00:07:19 (3104 turns).

Lexodia the Conjurer (Tengu Hedge Wizard)           Turns: 3104, Time: 00:07:21

Health: -2/32      AC:  6    Str: 10    XL:     6   Next: 12%
Magic:  7/20       EV: 14    Int: 17    God:    Gozag
Gold:   312        SH:  0    Dex: 13    Spells: 1/11 levels left

rFire   . . .        t - +2 long sword (elec)
rCold   . . .        (no shield)
rNeg    . . .        b - +0 robe
rPois   .            c - +0 hat
rElec   .            (no cloak)
rCorr   .            (no gloves)
SInv    .            (boots unavailable)
Will    .....        (no amulet)
Stlth   ++           j - +4 ring of protection
HPRegen 0.25/turn    o - ring of magical power
MPRegen 0.17/turn

%: no passive effects
@: lethally poisoned (-2 -> -13), stuck, flying quickly and evasively, very
slightly contaminated, quick
A: beak, talons 3, nimble flight
a: Renounce Religion, Potion Petition, Call Merchant, Bribe Branch


You were on level 4 of the Dungeon.
You worshipped Gozag.
Gozag was aware of your devotion.
You visited 1 branch of the dungeon, and saw 4 of its levels.

You collected 312 gold pieces.

Inventory:

Hand Weapons
 a - a +0 dagger
 t - a +2 long sword of electrocution (weapon)
Missiles
 g - 3 poisoned darts
 u - 2 throwing nets
Armour
 b - a +0 robe (worn)
 c - a +0 hat (worn)
Jewellery
 j - a +4 ring of protection (left hand)
 k - a ring of protection from cold
 l - a +6 ring of strength
 n - a ring of ice
 o - a ring of magical power (right hand)
 p - a ring of poison resistance
Scrolls
 f - 2 scrolls of identify {unknown}
 m - a scroll of poison {unknown}
 q - a scroll of noise {unknown}
 r - a scroll of enchant weapon {unknown}
 s - a scroll of enchant armour {unknown}
Potions
 d - a potion of magic
 e - a potion of heal wounds
 h - a potion of ambrosia {unknown}
 i - a potion of enlightenment {unknown}


   Skills:
 - Level 0.9(1.2) Short Blades
 + Level 1.2(1.4) Long Blades
 - Level 2.1 Dodging
 - Level 2.1 Stealth
 - Level 3.0 Spellcasting
 + Level 3.4 Conjurations
 + Level 2.6 Summonings
 + Level 1.6 Translocations
 - Level 3.0 Air Magic
 * Level 2.7 Poison Magic


You had one spell level left.
You knew the following spells:

 Your Spells              Type           Power      Damage    Failure   Level
a - Magic Dart            Conj           56%        1d5       4%          1
b - Call Imp              Summ           22%        N/A       9%          2
c - Mephitic Cloud        Conj/Pois/Air  12%        N/A       16%         3
d - Iskenderun's Mystic   Conj/Tloc      11%        2d4       52%         4

Your spell library contained the following spells:

 Spells                   Type           Power      Damage    Failure   Level
 Slow                     Hex            8%         N/A       17%         1
 Searing Ray              Conj           28%        2d5       6%          2
 Cigotuvi's Dreadful Rot  Necr/Pois/Air  18%        N/A       12%         2
 Blink                    Tloc           16%        N/A       13%         2
 Portal Projectile        Hex/Tloc       10%        N/A       36%         3
 Volatile Blastmotes      Fire/Tloc      10%        2d10      36%         3
 Tukima's Dance           Hex            2%         N/A       45%         3
 Fulminant Prism          Conj/Hex       4%         3d5       65%         4


Dungeon Overview and Level Annotations

Branches:
Dungeon (4/15)
 Temple: D:4-7

Altars:
Gozag
Okawaru

Shops:
D:2 [


Innate Abilities, Weirdness & Mutations

You have a beak for a mouth.
You have claws for feet.
Your magical nature lets you fly swiftly and evasively.


Message History

The gnoll hits you with a +0 halberd!
The gnoll closely misses your cerulean imp.
There is an open door, spattered with blood here.
Huge Dmg: -21%(-7hp) hp: 79%(25hp)
Your cerulean imp hits the gnoll with a -3 spear.
The gnoll hits your cerulean imp with a +0 club!
The gnoll misses you.
Your cerulean imp barely misses the gnoll.
Something hits your cerulean imp.
Your cerulean imp hits the gnoll with a -3 spear.
Casting: Call Imp (safe; 9% risk of failure)
Confirm with . or Enter, or press ? or * to list all spells.
Okay, then.
Unknown command.
Casting: Call Imp (safe; 9% risk of failure)
Confirm with . or Enter, or press ? or * to list all spells.
The spell is astonishingly dangerous to miscast (52% risk of failure)!
Continue anyway?
You miscast Iskenderun's Mystic Blast.
You are very lightly contaminated with residual magic.
You feel a wrenching sensation.
You are magically locked in place.
Something barely misses your cerulean imp.
Your cerulean imp hits the gnoll from afar with a -3 spear.
Casting: Iskenderun's Mystic Blast (astonishingly dangerous; 52% risk of failure)
Confirm with . or Enter, or press ? or * to list all spells.
The spell is astonishingly dangerous to miscast (52% risk of failure)!
Continue anyway?
You miscast Iskenderun's Mystic Blast.
Nothing appears to happen.
Something closely misses your cerulean imp.
The gnoll misses you. The gnoll closely misses you.
Your cerulean imp closely misses the gnoll.
Casting: Iskenderun's Mystic Blast (astonishingly dangerous; 52% risk of failure)
Confirm with . or Enter, or press ? or * to list all spells.
The spell is astonishingly dangerous to miscast (52% risk of failure)!
Continue anyway?
You miscast Iskenderun's Mystic Blast.
Strange energies run through your body!
The gnoll hits you with a +2 flail of venom!
* * * LOW HITPOINT WARNING * * *
You are lethally poisoned!
Something closely misses your cerulean imp.
The gnoll hits you from afar with a +0 halberd!
You die...
Your body crumbles into a pile of gold.

...........+..........##
#####...####..........
#####..# #........
#...##.# #g....#
#.#).[.# #5l.# #...####
#W# ##.## #g# #.# #g#
###.## ##@## #....#
#####...#####
#.#..######...........#
#.#.......).###...#.#.#
#.##.######## ##..#...
#.##.# ##.# #.# #.##.#
... .# #....# #### #
######


You could see a phantom, an iguana, 2 gnolls and a friendly cerulean imp
(summoned).

Vanquished Creatures
  A scorpion (D:4)
  3 orc wizards (D:3)
  4 adders
  3 worms (D:2)
  A dart slug (D:1)
  7 orcs (D:3)
  9 endoplasms
  3 goblins
  6 hobgoblins
  9 kobolds
  2 quokkas
  5 ball pythons
  6 bats
  4 frilled lizards
  2 rats (D:3)
65 creatures vanquished.

Vanquished Creatures (collateral kills)
  A hobgoblin (D:4)
  A rat (D:1)
2 creatures vanquished.

Grand Total: 67 creatures vanquished

Notes
Turn   | Place    | Note
-------+----------+-------------------------------------------
     0 | D:1      | Lexodia the Tengu Hedge Wizard began the quest for the Orb.
     0 | D:1      | Reached XP level 1. HP: 10/10 MP: 5/5
   145 | D:1      | Huge Dmg: 2 dmg
   192 | D:1      | Huge Dmg: 4 dmg
   193 | D:1      | Reached XP level 2. HP: 6/15 MP: 0/7
   201 | D:1      | Learned a level 2 spell: Call Imp
   268 | D:1      | Reached skill level 1 in Air Magic
   539 | D:1      | Reached skill level 1 in Translocations
   590 | D:1      | Reached skill level 1 in Poison Magic
   826 | D:1      | Huge Dmg: 4 dmg
  1035 | D:1      | Reached XP level 3. HP: 19/19 MP: 5/8
  1326 | D:2      | Found Mijos's Antique Armour Shop.
  1775 | D:2      | Found a faded altar of an unknown god.
  1944 | D:2      | Reached XP level 4. HP: 24/24 MP: 9/9
  1988 | D:2      | Learned a level 3 spell: Mephitic Cloud
  2317 | D:2      | Prayed at the altar of an unknown god.
  2317 | D:2      | Became a worshipper of Gozag Ym Sagoz the Greedy
  2359 | D:3      | Huge Dmg: 5 dmg
  2532 | D:3      | Huge Dmg: 8 dmg
  2536 | D:4      | Noticed a scorpion
  2544 | D:4      | Killed a scorpion
  2545 | D:4      | Gained mutation: Your magical nature lets you fly swiftly
                  | and evasively. [Tengu growth]
  2545 | D:4      | Reached XP level 5. HP: 21/28 MP: 10/10
  2556 | D:3      | Huge Dmg: 12 dmg
  2558 | D:3      | Huge Dmg: 6 dmg
  2566 | D:3      | Reached skill level 1 in Long Blades
  2576 | D:3      | Huge Dmg: 5 dmg
  2705 | D:3      | Reached XP level 6. HP: 27/32 MP: 11/11
  2761 | D:3      | Learned a level 4 spell: Iskenderun's Mystic Blast
  2775 | D:3      | Found an iron altar of Okawaru.
  3096 | D:4      | Found an opulent altar of Gozag.
  3099 | D:4      | Huge Dmg: 7 dmg
  3104 | D:4      | Slain by a gnoll

Illustrated notes

Levels and vault maps discovered:
D:1:      sevenhm_arrival_forest_fort_large_2, layout_basic
D:2:      layout_basic, serial_shops, nicolae_shop_peninsula,
          ebering_ecumenical_altar_hall
D:3:      layout_loops_ring, lemuel_crystal_altar
D:4:      layout_loops_corners, nicolae_overflow_crystal_walls,
          nicolae_overflow_macrodata_refinement, serial_demonic,
          serial_demonic_c, serial_demonic_c, serial_demonic_c,
          serial_demonic_d, uniq_menkaure

Skill      XL: |  1  2  3  4  5 |
---------------+----------------+-----
Air Magic      | 1 2 3 |  3.0
Conjurations   | 2 3 |  3.4
Translocations | 1 |  1.6
Poison Magic   | 1 2 |  2.7
Summonings     | 2 |  2.6
Long Blades    | 1 |  1.2
Short Blades   | |  0.9
Dodging        | |  2.1
Stealth        | |  2.1
Spellcasting   | |  3.0

Action                     |  1- 3 |  4- 6 || total
---------------------------+-------+-------++-------
  Melee: Dagger            |    47 |    25 ||    72
         Kick              |     8 |    17 ||    25
         Peck              |     9 |    10 ||    19
         Punch             |     1 |     2 ||     3
         Long sword        |       |    66 ||    66
   Cast: Magic Dart        |    50 |     1 ||    51
         Call Imp          |     3 |     3 ||     6
    Use: Potion            |       |     1 ||     1
   Stab: Sleeping          |     2 |     1 ||     3
 Armour: Robe              |    19 |    29 ||    48
  Dodge: Dodged            |    34 |    60 ||    94

Table legend: (Time is in decaauts)
 A = Elapsed time spent in this place.
 B = Non-inter-level travel time spent in this place.
 C = Inter-level travel time spent in this place.
 D = Time resting spent in this place.
 E = Time spent auto-exploring this place.
 F = Levels seen in this place.
 G = Mean time per level.
                   A        B        C        D        E       F      G
               +--------+--------+--------+--------+--------+-----+--------+
         Total |   3082 |   2983 |     99 |      0 |   2509 |   4 |  770.5 |
       Dungeon |   3082 |   2983 |     99 |      0 |   2509 |   4 |  770.5 |
               +--------+--------+--------+--------+--------+-----+--------+

Top non-repeatable levels by time:
     D:1: 1324 daAuts
     D:2: 995 daAuts
     D:3: 664 daAuts
     D:4: 97 daAuts
